 Dungeon Crawl Stone Soup version 0.32-a0-938-g40ac7a0f4d (webtiles) character file.

Game seed: 14155204989240581466

102 LadyBoffin the Firebug (level 4, 0/24 HPs)
             Began as a Tengu Fire Elementalist on Apr 15, 2024.
             Slain by an adder (2 damage)
             ... on level 3 of the Dungeon.
             The game lasted 00:08:08 (2069 turns).

LadyBoffin the Firebug (Tengu Fire Elementalist)    Turns: 2069, Time: 00:08:10

Health: 0/24       AC:  4    Str:  7 (8)  XL:     4   Next: 77%
Magic:  8/8        EV: 12    Int: 15 (16) God:
Gold:   71         SH:  0    Dex: 15 (16) Spells: 7/8 levels left

rFire   . . .        c - +1 sling (drain)
rCold   . . .        (no shield)
rNeg    . . .        l - +1 leather armour "Cyrreroi" {SInv}
rPois   .            (helmet restricted)
rElec   .            (no cloak)
rCorr   .            (no gloves)
SInv    +            (boots unavailable)
Will    .....        j - amulet of magic regeneration
Stlth   ++           (no ring)
HPRegen 0.24/turn    (no ring)
MPRegen 0.51/turn

%: acrobat, clarity
@: lethally poisoned (0 -> -5)
A: beak, talons 3, acrobatic, clarity, inability to drink after injury 1, sturdy
frame 1
a: no special abilities


You were on level 3 of the Dungeon.
You visited 1 branch of the dungeon, and saw 3 of its levels.

You collected 71 gold pieces.

Inventory:

Hand Weapons
 c - a +1 sling of draining (weapon)
Armour
 a - a +0 robe
 g - a +0 leather armour
 k - a +0 chain mail
 l - the +1 leather armour "Cyrreroi" (worn) {SInv}
   (You found it on level 3 of the Dungeon)

   SInv:      It lets you see invisible.
Jewellery
 j - an amulet of magic regeneration (around neck)
Scrolls
 m - a scroll of teleportation {unknown}
Potions
 b - 2 potions of magic
 f - a potion of haste {unknown}
 h - a potion of curing {unknown}
 i - a potion of ambrosia {unknown}


   Skills:
 + Level 3.0 Dodging
 + Level 2.9 Stealth
 + Level 2.6 Spellcasting
 + Level 2.7 Conjurations
 + Level 3.9 Fire Magic


You had 7 spell levels left.
You knew the following spells:

 Your Spells              Type           Power      Damage    Failure   Level
a - Foxfire               Conj/Fire      48%        2x1d6     6%          1

Your spell library contained the following spells:

 Spells                   Type           Power      Damage    Failure   Level
 Scorch                   Fire           26%        2d6       7%          2
 Inner Flame              Hex/Fire       7%         N/A       30%         3
 Volatile Blastmotes      Fire/Tloc      14%        2d11      30%         3
 Flame Wave               Conj/Fire      12%        2d6       50%         4


Dungeon Overview and Level Annotations

Branches:
Dungeon (3/15)

Altars:

Annotations:
D:2 1 runed translucent door, Crazy Yiuf


Innate Abilities, Weirdness & Mutations

You have a beak for a mouth.
You have claws for feet.
You can magically evade attacks while moving or waiting.
You possess an exceptional clarity of mind.
You occasionally lose the ability to drink potions when taking damage.
Your movements are slightly less encumbered by armour. (ER -2)


Message History

Aim: an adder (38% to hit)
You shoot a sling bullet. The sling bullet misses the adder.
The adder bites you.
You are poisoned.
The adder poisons you! The adder bites you.
Fire: c) +1 sling (drain)
Press: ? - help, Q - select action, (/) - cycle Shift-Dir - straight line, f/p - adder
Aim: an adder (38% to hit)
You shoot a sling bullet. The sling bullet misses the adder.
You feel very sick. The adder misses you. The ball python bites you.
The ball python grabs you. The ball python constricts you. The adder bites you.
Casting: Foxfire (safe; 7% risk of failure)
Confirm with . or Enter, or press ? or * to list all spells.
You conjure some foxfire!
You feel sick.
The ball python bites you but does no damage.
The ball python constricts you. The adder bites you. The ball python bites you.
The ball python constricts you.
* * * LOW HITPOINT WARNING * * *
The ball python's grasp on you weakens, but your attempt to escape fails.
You feel sick.
The foxfire hits the ball python.
You kill the ball python!
The foxfire hits the adder.
The adder is heavily wounded.
The adder bites you.
* * * LOW HITPOINT WARNING * * *
You are lethally poisoned!
The adder poisons you!
It was a potion of degeneration.
There was something very wrong with that liquid.
You feel weakened.
You feel dopey.
You feel clumsy.
* * * LOW HITPOINT WARNING * * *
You feel sick. The adder misses you.
It was a potion of mutation.
You feel extremely strange.
You occasionally lose the ability to drink potions when taking damage.
Your thoughts seem clearer.
You feel less encumbered by your armour.
* * * LOW HITPOINT WARNING * * *
You feel sick. The adder bites you.
You die...

.......# ..####...
#..# # ##.###.#
##.....# ## #...####
?# ..#..## .#
.###..### ####.# #
##.†.######..@S#...
####.#........†......
#.......########.....
#..#....# ####
##...##...#
##...###..#
#######..# #.##
#........####..###
..#####...<.......


You could see an adder.

Vanquished Creatures
  A bombardier beetle (D:3)
  A gnoll (D:1)
  2 adders
  A dart slug (D:3)
  A ribbon worm (D:3)
  An orc (D:3)
  4 endoplasms
  A giant cockroach (D:2)
  3 hobgoblins
  5 kobolds
  3 quokkas
  4 ball pythons
  4 bats
  4 frilled lizards
  2 goblins (D:1)
  5 rats
42 creatures vanquished.

Vanquished Creatures (others)
  22 foxfires
22 creatures vanquished.

Grand Total: 64 creatures vanquished

Notes
Turn   | Place    | Note
-------+----------+-------------------------------------------
     0 | D:1      | LadyBoffin the Tengu Fire Elementalist began the quest for
                  | the Orb.
     0 | D:1      | Reached XP level 1. HP: 10/10 MP: 4/4
   407 | D:1      | Reached XP level 2. HP: 15/15 MP: 6/6
   884 | D:2      | Reached XP level 3. HP: 15/19 MP: 7/7
  1507 | D:2      | Found a runed translucent door.
  1508 | D:2      | Noticed Crazy Yiuf
  1718 | D:3      | Identified the +1 leather armour "Cyrreroi" {SInv}
  1732 | D:3      | Reached XP level 4. HP: 20/24 MP: 6/8
  2069 | D:3      | Gained mutation: You occasionally lose the ability to drink
                  | potions when taking damage. [potion of mutation]
  2069 | D:3      | Gained mutation: You possess an exceptional clarity of
                  | mind. [potion of mutation]
  2069 | D:3      | Gained mutation: Your movements are slightly less
                  | encumbered by armour. (ER -2) [potion of mutation]
  2069 | D:3      | Slain by an adder

Illustrated notes

Levels and vault maps discovered:
D:1:      dpeg_arrival_tiny_a, layout_basic, serial_glass, glass_columns_b,
          glass_columns_b, glass_columns_a, minmay_misc_feat_iff
D:2:      layout_basic, uniq_crazy_yiuf_cottage
D:3:      layout_rooms, kennysheep_orc_chapel

Skill      XL: |  1  2  3  4 |
---------------+-------------+-----
Conjurations   | 2 |  2.7
Dodging        | 3 |  3.0
Stealth        | |  2.9
Spellcasting   | |  2.6
Fire Magic     | |  3.9

Action                     |  1- 3 |  4- 6 || total
---------------------------+-------+-------++-------
  Melee: Unarmed           |     1 |       ||     1
   Fire: Sling             |    61 |    34 ||    95
   Cast: Foxfire           |    10 |     8 ||    18
    Use: Scroll            |     1 |       ||     1
         Potion            |       |     2 ||     2
 Armour: Robe              |     8 |       ||     8
         Leather armour    |    24 |    24 ||    48
  Dodge: Dodged            |    35 |    10 ||    45

Table legend: (Time is in decaauts)
 A = Elapsed time spent in this place.
 B = Non-inter-level travel time spent in this place.
 C = Inter-level travel time spent in this place.
 D = Time resting spent in this place.
 E = Time spent auto-exploring this place.
 F = Levels seen in this place.
 G = Mean time per level.
                   A        B        C        D        E       F      G
               +--------+--------+--------+--------+--------+-----+--------+
         Total |   2110 |   2012 |     98 |    308 |    814 |   3 |  703.3 |
       Dungeon |   2110 |   2012 |     98 |    308 |    814 |   3 |  703.3 |
               +--------+--------+--------+--------+--------+-----+--------+

Top non-repeatable levels by time:
     D:2: 887 daAuts
     D:1: 835 daAuts
     D:3: 387 daAuts
